[Event "Titled Tuesday Blitz June 6 Late 2023"]
[White "Graif, William"]
[Black "Krzywda, Andrzej"]
[WhiteFideId "2609835"]
[BlackFideId "1114565"]
[WhiteElo "2201"]
[BlackElo "2138"]
[Result "1-0"]
[Round "8"]
[TimeControl "180+2"]
[Date "2023.06.07"]
[WhiteClock "0:00:08"]
[BlackClock "0:00:06"]
[Board "73"]

1. e4 e5 2. Nf3 Nf6 3. d4 Nxe4 4. dxe5 d5 5. Nbd2 Qd7 6. Bd3 Nc5 7. Be2 Nc6 8. O-O Ne6 9. Nb3 Be7 10. Re1 O-O 11. c3 Rd8 12. Be3 a5 13. Qd2 a4 14. Nbd4 Ncxd4 15. Nxd4 Nxd4 16. cxd4 Qf5 17. Bd3 Qh5 18. Qc2 c6 19. f4 f5 20. Rf1 Be6 21. a3 Qf7 22. g4 Rf8 23. Kh1 Kh8 24. g5 c5 25. Rf3 c4 26. Be2 Qe8 27. Rh3 Bf7 28. Rg1 Bg6 29. Bf3 Qc6 30. Qg2 Rad8 31. Bh5 b5 32. Bd2 Kg8 33. Bc3 Rd7 34. Qe2 Qe6 35. Bxg6 hxg6 36. Rh4 Kf7 37. Rg3 Rdd8 38. Rgh3 Rg8 39. Rh7 Rb8 40. Qd2 b4 41. axb4 Rgc8 42. Qe1 Bf8 43. Qa1 Qc6 44. Qa3 Ke6 45. Rh8 Qb5 46. Rg8 Bxb4 47. Bxb4 Qxb4 48. Qxb4 Rxb4 49. Rxc8 Rxb2 50. Re8+ Kf7 51. Ra8 Ra2 52. Rc3 Ke6 53. Ra6+ Kd7 54. e6+ Ke7 55. Re3 Rd2 56. Ra7+ Ke8 57. e7 Rxd4 58. Ra8+ Kd7 59. e8=Q+ Kd6 60. Re6+ Kc5 61. Qc6+ Kb4 62. Qb6+ Kc3 63. Re3+ Rd3 64. Rxd3+ Kxd3 65. Rxa4 c3 66. Qd4+ Kc2 67. Ra3 Kb2 68. Qxc3+ Kb1 69. Ra1# 1-0


[Site "https://www.chess.com"]

[Event "Titled Tuesday Blitz June 6 Late 2023"]
[White "Yeritsyan, Hayk"]
[Black "Prieto Aranguren, Alain"]
[WhiteFideId "13307320"]
[BlackFideId "2268906"]
[WhiteElo "2492"]
[BlackElo "2209"]
[Result "1-0"]
[Round "8"]
[TimeControl "180+2"]
[Date "2023.06.07"]
[WhiteClock "0:00:58"]
[BlackClock "0:00:19"]
[Board "74"]

1. d4 Nf6 2. Nf3 g6 3. Bf4 Bg7 4. h3 O-O 5. e3 Nc6 6. c3 b6 7. Be2 Bb7 8. O-O a6 9. Bh2 d6 10. Nbd2 e6 11. Rc1 h6 12. b4 Nh7 13. a3 Ne7 14. c4 Ng5 15. Nxg5 hxg5 16. c5 bxc5 17. bxc5 d5 18. Rb1 Bc6 19. Nf3 Nf5 20. Qc2 Qd7 21. Nxg5 Rfb8 22. Nf3 Bb5 23. Rb2 Bxe2 24. Qxe2 Rxb2 25. Qxb2 f6 26. Rb1 g5 27. Qb7 Rc8 28. Qxa6 Kf7 29. Rb7 Ne7 30. Qa7 Nc6 31. Rxc7 Rxc7 32. Qxc7 Qxc7 33. Bxc7 e5 34. dxe5 fxe5 35. Nxg5+ Kg6 36. Nf3 d4 37. exd4 exd4 38. Bf4 Kf5 39. Bd2 Ke4 40. a4 Kd3 41. a5 Ke2 42. a6 d3 43. h4 Bf8 44. Be3 Ne5 45. Nxe5 Bxc5 46. Nxd3 1-0


[Site "https://www.chess.com"]

[Event "Titled Tuesday Blitz June 6 Late 2023"]
[White "Urbina Perez, Juan Antonio"]
[Black "Boder, Jan"]
[WhiteFideId "2217368"]
[BlackFideId "16243226"]
[WhiteElo "2197"]
[BlackElo "2241"]
[Result "0-1"]
[Round "8"]
[TimeControl "180+2"]
[Date "2023.06.07"]
[WhiteClock "0:01:15"]
[BlackClock "0:00:45"]
[Board "75"]

1. d4 Nf6 2. Nf3 c5 3. dxc5 e6 4. g3 Bxc5 5. Bg2 O-O 6. O-O d5 7. b3 Nc6 8. Bb2 Re8 9. Nbd2 e5 10. c4 d4 11. a3 a5 12. Ng5 Bf5 13. Nge4 Bf8 14. Rc1 Rc8 15. Nxf6+ Qxf6 16. Ne4 Qg6 17. Nd2 e4 18. f3 e3 19. Ne4 Rcd8 20. c5 Bc8 21. Qd3 f5 22. Nd6 Bxd6 23. cxd6 Rxd6 24. Rfd1 Red8 25. f4 Be6 26. Qb5 Qf7 27. b4 axb4 28. axb4 Bd5 29. Qxb7 Qxb7 0-1


[Site "https://www.chess.com"]

[Event "Titled Tuesday Blitz June 6 Late 2023"]
[White "Pavlidou, Ekaterini"]
[Black "Barria Santos, Jose Guilherme"]
[WhiteFideId "4213262"]
[BlackFideId "1939300"]
[WhiteElo "2126"]
[BlackElo "2266"]
[Result "0-1"]
[Round "8"]
[TimeControl "180+2"]
[Date "2023.06.07"]
[WhiteClock "0:00:51"]
[BlackClock "0:01:41"]
[Board "76"]

1. d4 Nf6 2. c4 g6 3. Nc3 Bg7 4. e4 d6 5. Be2 O-O 6. Be3 c5 7. d5 e6 8. h3 exd5 9. exd5 Re8 10. g4 a6 11. Bf3 Nbd7 12. Nge2 Ne5 13. Ng3 Nxc4 14. Qd3 Nxb2 15. Qe2 Qa5 16. Qxb2 Nxd5 17. O-O Bxc3 18. Qb3 Nxe3 19. fxe3 Be6 20. Bd5 Bxa1 21. Bxe6 fxe6 22. Qxb7 Be5 23. Ne4 Rf8 24. Rd1 Qxa2 25. Ng5 Qh2# 0-1


[Site "https://www.chess.com"]

[Event "Titled Tuesday Blitz June 6 Late 2023"]
[White "Alexikov, Alexander"]
[Black "Jaivardhan Raj"]
[WhiteFideId "14103958"]
[BlackFideId "25744437"]
[WhiteElo "2186"]
[BlackElo "1772"]
[Result "1-0"]
[Round "8"]
[TimeControl "180+2"]
[Date "2023.06.07"]
[WhiteClock "0:01:42"]
[BlackClock "0:00:45"]
[Board "77"]

1. e4 c5 2. Nf3 e6 3. d4 cxd4 4. Nxd4 Nc6 5. Nc3 Qc7 6. Nxc6 b6 7. Nd4 Nf6 8. Bd3 Bb4 9. Bd2 Bb7 10. Qe2 O-O 11. O-O Bc5 12. Nb3 Bd6 13. f4 Bc5+ 14. Kh1 h5 15. e5 Ng4 16. Nxc5 Qxc5 17. h3 Nh6 18. Qxh5 b5 19. Ne4 Qc6 20. Rf3 Nf5 21. g4 Qxe4 22. Bxe4 Bxe4 23. gxf5 g6 24. fxg6 fxg6 25. Qg4 Rac8 26. c3 1-0


[Site "https://www.chess.com"]

[Event "Titled Tuesday Blitz June 6 Late 2023"]
[White "Alex_Sahakyan2006"]
[Black "Buchenau, Frank"]
[BlackFideId "4604350"]
[WhiteElo "2669"]
[BlackElo "2157"]
[Result "1-0"]
[Round "8"]
[TimeControl "180+2"]
[Date "2023.06.07"]
[WhiteClock "0:01:12"]
[BlackClock "0:00:01"]
[Board "78"]

1. e4 e6 2. d4 d5 3. Nc3 Nf6 4. e5 Nfd7 5. f4 c5 6. Nf3 Nc6 7. Ne2 Be7 8. c3 b5 9. g3 Rb8 10. Bg2 b4 11. O-O bxc3 12. bxc3 Ba6 13. Be3 O-O 14. Rf2 cxd4 15. cxd4 Nb6 16. f5 Nc4 17. Bc1 exf5 18. Ne1 g6 19. Bh6 Re8 20. g4 Bg5 21. Bxg5 Qxg5 22. gxf5 Rb2 23. Qc1 Qxc1 24. Rxc1 Nb4 25. a3 Nxa3 26. Nf4 Rxf2 27. Kxf2 Bc4 28. f6 Nb5 29. Ke3 a5 30. Nc2 Na2 31. Ra1 Nbc3 32. Na3 Bb3 33. Nd3 a4 34. Nc5 Nb4 35. Kd2 Nba2 36. h4 h6 37. h5 g5 38. Bh3 Rb8 39. Bf5 Bc4 40. e6 Rb2+ 41. Nc2 fxe6 42. Bxe6+ Kh7 43. f7 Rb8 44. Nd7 Rd8 45. f8=Q Ne4+ 46. Ke3 Rxf8 47. Nxf8+ Kg7 48. Ng6 Bb3 49. Na3 1-0


[Site "https://www.chess.com"]

[Event "Titled Tuesday Blitz June 6 Late 2023"]
[White "laziestwin"]
[Black "Ozalp, Burak"]
[BlackFideId "6314210"]
[WhiteElo "2646"]
[BlackElo "2106"]
[Result "1-0"]
[Round "8"]
[TimeControl "180+2"]
[Date "2023.06.07"]
[WhiteClock "0:00:12"]
[BlackClock "0:00:08"]
[Board "79"]

1. d4 Nf6 2. c4 g6 3. Nc3 Bg7 4. e4 d6 5. Be2 O-O 6. h4 c5 7. d5 b5 8. cxb5 a6 9. a4 axb5 10. Bxb5 Ba6 11. Bd2 Qb6 12. Nf3 Nbd7 13. O-O h5 14. Qe2 Rfb8 15. e5 Nxe5 16. Nxe5 dxe5 17. Qxe5 Ng4 18. Qxe7 Bf6 19. Qe4 Re8 20. Bxe8 Qb8 21. Bf4 Qxe8 22. Qxe8+ Rxe8 23. Rfe1 Rd8 24. Rad1 Bxh4 25. g3 Bf6 26. Ne4 Bd4 27. b4 f5 28. bxc5 Rxd5 29. Ng5 Bxf2+ 30. Kg2 Rxd1 31. Rxd1 Bb7+ 32. Kf1 Bxc5 33. Rd8+ Bf8 34. Ne6 Ba6+ 35. Kg2 Kf7 36. Nxf8 Ke7 37. Bg5+ Kf7 38. Nd7 Bb7+ 39. Kf1 f4 40. gxf4 Ne3+ 41. Kg1 h4 42. Ne5+ Ke6 43. Bxh4 Kf5 44. Bg5 Ke4 45. a5 Ba6 46. Rd6 Be2 47. a6 Nc4 48. Nxc4 Bxc4 49. a7 Bd5 50. Rxd5 Kxd5 51. a8=Q+ Ke6 52. Qe4+ Kf7 53. Qe7+ Kg8 54. Bf6 g5 55. Qg7# 1-0


[Site "https://www.chess.com"]

[Event "Titled Tuesday Blitz June 6 Late 2023"]
[White "Ai, Evan"]
[Black "Gubajdullin, Alexei"]
[WhiteFideId "2094770"]
[BlackFideId "4141202"]
[WhiteElo "1963"]
[BlackElo "2279"]
[Result "0-1"]
[Round "8"]
[TimeControl "180+2"]
[Date "2023.06.07"]
[WhiteClock "0:00:01"]
[BlackClock "0:00:26"]
[Board "80"]

1. e4 g6 2. d4 Bg7 3. Nc3 d6 4. Be3 Nf6 5. f3 O-O 6. Qd2 Nc6 7. Bc4 e6 8. Nge2 d5 9. Bb3 dxe4 10. fxe4 Ng4 11. Bg1 Bh6 12. Qd3 Qg5 13. h4 Qa5 14. Qf3 e5 15. d5 Ne7 16. h5 Kg7 17. Rh4 f5 18. hxg6 Nxg6 19. exf5 Rxf5 20. Qd3 Nxh4 21. Ng3 Nxg2+ 22. Kd1 N2e3+ 23. Ke2 Qa6 24. Nxf5+ Bxf5 25. Qxa6 bxa6 26. Bxe3 Nxe3 27. Rg1+ Bg6 28. Ne4 Kh8 29. Nc5 Bh5+ 30. Kd3 Bg6+ 31. Ke2 Rf8 32. Ne6 Bh5+ 33. Kd3 Rf2 34. d6 cxd6 35. Nd8 Bg6+ 36. Kc3 d5 37. Kb4 Nxc2+ 38. Kc5 Ne3 39. Kd6 Bf8+ 40. Kd7 h5 41. Ne6 Bh6 42. Ke7 h4 43. Rxg6 Kh7 0-1


[Site "https://www.chess.com"]

[Event "Titled Tuesday Blitz June 6 Late 2023"]
[White "Lalanne, Pablo"]
[Black "Roberson, Peter T"]
[WhiteFideId "112151"]
[BlackFideId "412384"]
[WhiteElo "2120"]
[BlackElo "2346"]
[Result "0-1"]
[Round "8"]
[TimeControl "180+2"]
[Date "2023.06.07"]
[WhiteClock "0:00:03"]
[BlackClock "0:00:05"]
[Board "81"]

1. e4 e5 2. Nf3 Nc6 3. Bb5 Nf6 4. d3 Bc5 5. c3 O-O 6. O-O d6 7. h3 Bb6 8. Nbd2 Ne7 9. Ba4 Ng6 10. Re1 Bd7 11. Bc2 c5 12. Nf1 Bc7 13. Ng3 h6 14. a4 a6 15. d4 exd4 16. cxd4 Re8 17. Be3 cxd4 18. Nxd4 d5 19. exd5 Bxg3 20. fxg3 Nxd5 21. Bf2 Rxe1+ 22. Qxe1 Rc8 23. Rd1 Qf6 24. Bb3 Nde7 25. Nf3 Bxh3 26. Bd4 Qc6 27. Qf2 Be6 28. Bxe6 Qxe6 29. Re1 Qd5 30. b4 Nf5 31. Bc5 Qc6 32. g4 Nd6 33. a5 Ne4 34. Nd4 Qd5 35. Qf5 Rxc5 36. bxc5 Qxd4+ 37. Kh2 Nf6 38. Qc8+ Kh7 39. Qxb7 Nxg4+ 40. Kh1 Nf2+ 41. Kh2 Qh4+ 42. Kg1 Ng4 43. Kf1 Qh1+ 44. Ke2 Nf4+ 45. Kd1 Qh4 46. Qe4+ Ng6 47. Kc2 h5 48. Kb2 Qd8 49. Ka2 Qxa5+ 50. Kb2 Qb5+ 51. Kc2 Qxc5+ 52. Kb2 a5 53. Ka2 Qb4 54. Rb1 Qxe4 55. Rb2 Qe6+ 56. Ka3 Nf6 0-1


[Site "https://www.chess.com"]

[Event "Titled Tuesday Blitz June 6 Late 2023"]
[White "Bilan, Danila"]
[Black "Smiechu"]
[WhiteFideId "24161918"]
[WhiteElo "2146"]
[BlackElo "2391"]
[Result "1-0"]
[Round "8"]
[TimeControl "180+2"]
[Date "2023.06.07"]
[WhiteClock "0:00:53"]
[BlackClock "0:00:54"]
[Board "82"]

1. d4 Nf6 2. Nf3 c5 3. e3 g6 4. b3 Bg7 5. Bb2 O-O 6. Be2 b6 7. O-O d6 8. c4 Nbd7 9. Nc3 Bb7 10. Qc2 e5 11. dxe5 dxe5 12. Rad1 Qe7 13. Ng5 Rad8 14. Rd2 h6 15. Nge4 Nxe4 16. Nxe4 Bxe4 17. Qxe4 Nf6 18. Qc2 Rxd2 19. Qxd2 Rd8 20. Qc2 Ne8 21. Bf3 e4 22. Bxg7 exf3 23. Bxh6 Qh4 24. Bf4 Qg4 25. Bg3 fxg2 26. Kxg2 Ng7 27. e4 Ne6 28. f3 Nf4+ 29. Kf2 Nd3+ 30. Qxd3 Qxg3+ 31. hxg3 Rxd3 32. Ke2 Rc3 33. Kd2 1-0


[Site "https://www.chess.com"]

[Event "Titled Tuesday Blitz June 6 Late 2023"]
[White "Romero Ruscalleda, Josep"]
[Black "Krishnakumar, Sriram"]
[WhiteFideId "2231859"]
[BlackFideId "30915856"]
[WhiteElo "2183"]
[BlackElo "2494"]
[Result "0-1"]
[Round "8"]
[TimeControl "180+2"]
[Date "2023.06.07"]
[WhiteClock "0:00:01"]
[BlackClock "0:01:12"]
[Board "83"]

1. e4 e5 2. Nf3 Nc6 3. Bc4 Bc5 4. c3 Nf6 5. d4 exd4 6. b4 Bb6 7. e5 d5 8. Bb5 Ne4 9. cxd4 O-O 10. O-O Nxb4 11. Ba3 a5 12. Nbd2 c6 13. Ba4 Re8 14. Qe2 Nc3 15. Qe3 Nxa4 16. Qb3 Nc5 17. dxc5 Bxc5 18. Rfc1 Bf8 19. Rab1 a4 20. Qe3 Na6 21. Bb2 Bf5 22. Ra1 Nb4 23. Nd4 Bg6 24. Rc3 c5 25. Nb5 Qb6 26. Qe2 d4 27. Rg3 d3 28. Qg4 Qxb5 29. h4 h5 30. Qg5 Be7 31. Qf4 Nd5 32. Qf3 Rad8 33. Rb1 Qc6 34. e6 Qxe6 35. Nc4 Nf6 36. Ne5 Qf5 37. Nxg6 fxg6 38. Qd1 Bd6 39. Rg5 Qe6 40. Rxg6 Qf7 41. Rg5 c4 42. Qxa4 Bf4 0-1


[Site "https://www.chess.com"]

[Event "Titled Tuesday Blitz June 6 Late 2023"]
[White "Pasti, Aron"]
[Black "Prydun, Andriy"]
[WhiteFideId "785857"]
[BlackFideId "14145898"]
[WhiteElo "2173"]
[BlackElo "2164"]
[Result "1-0"]
[Round "8"]
[TimeControl "180+2"]
[Date "2023.06.07"]
[WhiteClock "0:00:19"]
[BlackClock "0:00:01"]
[Board "84"]

1. e4 c5 2. Nf3 d6 3. d4 cxd4 4. Nxd4 Nf6 5. Nc3 g6 6. Be3 Bg7 7. f3 O-O 8. Qd2 Nc6 9. O-O-O d5 10. exd5 Nxd5 11. Nxc6 bxc6 12. Bd4 e5 13. Bc5 Be6 14. Ne4 Re8 15. g4 h6 16. h4 Qc7 17. Kb1 Red8 18. Bd6 Qb7 19. c4 Nf4 20. Nc5 Qb6 21. g5 Bf5+ 22. Ka1 Rab8 23. Na4 Qa6 24. Nc3 Qb7 25. c5 Ne6 26. Qc1 hxg5 27. hxg5 e4 28. fxe4 Bxe4 29. Rh4 Bf5 30. Bc4 Nxc5 31. Bxc5 Qxb2+ 32. Qxb2 Rxd1+ 33. Nxd1 Bxb2+ 34. Nxb2 Rd8 1-0


[Site "https://www.chess.com"]

[Event "Titled Tuesday Blitz June 6 Late 2023"]
[White "Mazurkiewicz, Michal"]
[Black "Ismayil, Malak"]
[WhiteFideId "1124943"]
[BlackFideId "13412604"]
[WhiteElo "2063"]
[BlackElo "1868"]
[Result "0-1"]
[Round "8"]
[TimeControl "180+2"]
[Date "2023.06.07"]
[WhiteClock "0:00:01"]
[BlackClock "0:01:56"]
[Board "85"]

1. e4 e5 2. Nf3 Nc6 3. Bb5 a6 4. Bxc6 dxc6 5. O-O Bd6 6. d4 Qe7 7. dxe5 Bxe5 8. Nxe5 Qxe5 9. Nc3 Nf6 10. f4 Qc5+ 11. Kh1 Bd7 12. Qf3 O-O-O 13. Be3 Qh5 14. Qxh5 Nxh5 15. f5 Rhe8 16. Bg5 Nf6 17. Rae1 Re5 18. Rf4 Rde8 19. Bxf6 gxf6 20. Re2 b5 21. a3 c5 22. b4 Bc6 23. Rh4 cxb4 24. axb4 a5 25. bxa5 b4 26. Na2 Rxa5 27. Nc1 Ra1 28. Re1 Rxe4 29. Rhxe4 Bxe4 30. Kg1 Bxc2 31. Kf2 b3 32. Nxb3 Rxe1 33. Nd4 Rc1 34. Ke3 Ba4 0-1


[Site "https://www.chess.com"]

[Event "Titled Tuesday Blitz June 6 Late 2023"]
[White "Seletsky, Grigory"]
[Black "Campos, Maria Jose"]
[WhiteFideId "14112191"]
[BlackFideId "146803"]
[WhiteElo "2491"]
[BlackElo "2170"]
[Result "1/2-1/2"]
[Round "8"]
[TimeControl "180+2"]
[Date "2023.06.07"]
[WhiteClock "0:00:19"]
[BlackClock "0:00:18"]
[Board "86"]

1. e4 e5 2. Nf3 Nc6 3. Bb5 a6 4. Bxc6 dxc6 5. d4 exd4 6. Qxd4 Qxd4 7. Nxd4 Bd6 8. Nc3 Nf6 9. f3 O-O 10. Be3 Nh5 11. O-O-O f5 12. Nxf5 Bxf5 13. exf5 Nf4 14. g4 Rae8 15. Rxd6 Rxe3 16. Rd7 Rc8 17. Rf1 b5 18. Rd4 Nh3 19. Re4 Re8 20. Rxe3 Rxe3 21. Ne4 Re2 22. Rh1 Nf2 23. Nxf2 Rxf2 24. Rd1 Rxf3 25. Rd7 Rf4 26. h3 Rf1+ 27. Kd2 Rf2+ 28. Kd1 Rf1+ 29. Ke2 Rh1 30. Rxc7 Rh2+ 31. Kd1 Rh1+ 32. Kd2 Rh2+ 33. Kd3 Rxh3+ 34. Ke4 Rh4 35. Kf3 h5 36. gxh5 Rc4 37. c3 a5 38. Ke3 a4 39. Kd3 Kf8 40. b3 axb3 41. axb3 Rc5 42. h6 gxh6 43. Rh7 Rxf5 44. Rxh6 Rc5 45. c4 bxc4+ 46. bxc4 Ke7 47. Kd4 Rg5 48. Rxc6 Kd7 49. Rh6 Kc7 50. Kc3 Rg1 51. Kb4 Rg5 52. Rf6 Rh5 53. Ra6 Rg5 54. Re6 Rh5 55. Re7+ Kc6 56. Rg7 Rf5 57. Rg6+ Kc7 58. c5 Rf1 59. Kb5 Rb1+ 60. Kc4 Rc1+ 61. Kd5 Rd1+ 62. Ke4 Re1+ 63. Kd4 Rd1+ 64. Kc4 Rc1+ 65. Kb4 Rb1+ 66. Ka3 Rc1 67. Kb4 Rb1+ 68. Ka5 Ra1+ 69. Kb5 Rb1+ 70. Kc4 Rc1+ 1/2-1/2


[Site "https://www.chess.com"]

[Event "Titled Tuesday Blitz June 6 Late 2023"]
[White "ArchibaldCerveza29"]
[Black "Olsson, William"]
[BlackFideId "1741721"]
[WhiteElo "2473"]
[BlackElo "2197"]
[Result "0-1"]
[Round "8"]
[TimeControl "180+2"]
[Date "2023.06.07"]
[WhiteClock "0:00:05"]
[BlackClock "0:00:04"]
[Board "87"]

1. e4 c5 2. c3 Nf6 3. e5 Nd5 4. d4 cxd4 5. Nf3 d6 6. Bc4 e6 7. cxd4 Nc6 8. O-O Be7 9. Qe2 O-O 10. Rd1 Qb6 11. exd6 Bxd6 12. Nc3 Ncb4 13. Qe4 Nxc3 14. bxc3 Nd5 15. Ng5 f5 16. Qh4 h6 17. Nf3 Nxc3 18. Bxh6 Nxd1 19. Rxd1 gxh6 20. Qxh6 Qc7 21. Bxe6+ Bxe6 22. Qxe6+ Rf7 23. Ng5 Bxh2+ 24. Kh1 Bf4 25. Nh3 Rd8 26. Qg6+ Kf8 27. d5 Qd6 28. Qh5 Be5 29. f4 Bf6 30. Qxf5 Re8 31. Qh5 Re3 32. Qg4 Ke7 33. Rc1 Rg7 34. Qc8 Kf7 35. Qxb7+ Re7 36. Qb1 Qxd5 37. Rg1 Rg3 38. Qd1 Rxh3# 0-1


[Site "https://www.chess.com"]

[Event "Titled Tuesday Blitz June 6 Late 2023"]
[White "Pace, Christopher"]
[Black "Della Morte, German"]
[WhiteFideId "2610167"]
[BlackFideId "113522"]
[WhiteElo "2335"]
[BlackElo "2306"]
[Result "0-1"]
[Round "8"]
[TimeControl "180+2"]
[Date "2023.06.07"]
[WhiteClock "0:00:03"]
[BlackClock "0:02:15"]
[Board "88"]

1. e4 c6 2. d4 d5 3. Nc3 dxe4 4. Nxe4 Nf6 5. Nxf6+ exf6 6. c3 Bd6 7. Qc2 O-O 8. Bd3 Re8+ 9. Ne2 h6 10. Be3 Bg4 11. O-O Nd7 12. Ng3 Nf8 13. Nf5 Bc7 14. h3 Bxf5 15. Bxf5 Qd6 16. g3 Rxe3 17. fxe3 Qxg3+ 18. Qg2 Qxe3+ 19. Kh1 Re8 20. Rg1 g6 21. Raf1 Kg7 22. Bb1 Re6 23. Bf5 Re7 24. Bb1 a6 25. Rf3 Qe2 26. Rgf1 Qxg2+ 27. Kxg2 f5 28. Kf2 Kf6 29. Re3 Ne6 30. Rfe1 Rd7 31. h4 c5 32. dxc5 Nxc5 33. Kg2 Ne6 34. Kf3 g5 35. Rd3 g4+ 36. Kf2 Bb6+ 37. Kf1 Rxd3 38. Bxd3 Nf4 39. Bc4 g3 0-1


[Site "https://www.chess.com"]

[Event "Titled Tuesday Blitz June 6 Late 2023"]
[White "Holtel, Jasper"]
[Black "Rego, Pedro Filipe"]
[WhiteFideId "12956376"]
[BlackFideId "1904310"]
[WhiteElo "2412"]
[BlackElo "2193"]
[Result "0-1"]
[Round "8"]
[TimeControl "180+2"]
[Date "2023.06.07"]
[WhiteClock "0:00:08"]
[BlackClock "0:00:04"]
[Board "89"]

1. e4 e6 2. d3 c5 3. Nd2 Nc6 4. Ngf3 g6 5. g3 Bg7 6. Bg2 Nge7 7. O-O d5 8. c3 O-O 9. Qc2 b5 10. exd5 Nxd5 11. Ne4 Qe7 12. Be3 Nxe3 13. fxe3 Bb7 14. d4 cxd4 15. exd4 Rac8 16. Nc5 Nxd4 17. cxd4 Bxf3 18. Rxf3 Bxd4+ 19. Kh1 Rxc5 20. Qb3 Rfc8 21. Raf1 Rc1 22. Qxb5 Kg7 23. h3 h5 24. Kh2 Rxf1 25. Rxf1 h4 26. gxh4 Bf6 27. h5 gxh5 28. Qxh5 Qd6+ 29. Kh1 Qg3 30. Qg4+ Qxg4 31. hxg4 Bxb2 32. Rb1 Rc2 33. Be4 Rd2 34. a4 Kf6 35. a5 Ke5 36. Bc6 Bd4 37. a6 Kf4 38. Rf1+ Kg3 39. Rf3+ Kxg4 40. Rxf7 e5 41. Rg7+ Kh3 42. Rh7+ Kg3 43. Rg7+ Kf4 44. Rf7+ Ke3 45. Rf3+ Ke2 46. Rf7 Ra2 47. Bb5+ Ke3 48. Rd7 e4 49. Re7 Bb6 50. Bc6 Rc2 51. Rxe4+ Kd3 52. Bb7 Rc1+ 53. Kg2 Rc2+ 54. Kf3 Rc7 55. Kg4 Rg7+ 56. Kf5 Rf7+ 57. Ke6 Rc7 58. Kd6 Rc5 59. Re5 Rc1 60. Rd5+ Kc4 61. Kd7 Kb4 62. Ke6 Rc4 63. Kd7 Bc5 64. Ke6 Kb5 65. Kd7 Kb6 66. Ke6 Re4+ 67. Kd7 Re7+ 68. Kd8 Rg7 69. Rd7 Rg8# 0-1


[Site "https://www.chess.com"]

[Event "Titled Tuesday Blitz June 6 Late 2023"]
[White "Weisz, Bryan"]
[Black "Kovalevsky, Stanislav"]
[WhiteFideId "30934133"]
[BlackFideId "13508598"]
[WhiteElo "2326"]
[BlackElo "2112"]
[Result "0-1"]
[Round "8"]
[TimeControl "180+2"]
[Date "2023.06.07"]
[WhiteClock "0:00:05"]
[BlackClock "0:00:06"]
[Board "90"]

1. e4 d6 2. d4 g6 3. c4 Bg7 4. Nc3 Nd7 5. Be2 c5 6. Nf3 a6 7. O-O cxd4 8. Nxd4 Ngf6 9. Be3 O-O 10. f3 Nc5 11. Qd2 Ne6 12. Nd5 Nxd4 13. Bxd4 Nxd5 14. cxd5 Bd7 15. Bxg7 Kxg7 16. Qd4+ Kg8 17. Rfc1 Rc8 18. Kf2 Qa5 19. Ke3 Rc5 20. Rxc5 dxc5 21. Qd2 Qb6 22. Rc1 f5 23. e5 c4+ 24. Kf4 Qf2 25. d6 e6 26. Rxc4 Qxg2 27. Rc7 Qxh2+ 28. Ke3 Qxe5+ 29. Kf2 Qh2+ 30. Kf1 Bb5 31. Re7 Bxe2+ 32. Qxe2 Qxd6 33. Rxe6 Qd5 34. Re7 Rf7 35. Re8+ Kg7 36. Rb8 Qb5 37. Kf2 Qxe2+ 38. Kxe2 Rc7 39. Kd3 g5 40. Ke3 h6 41. Re8 Kf6 42. Rh8 Kg6 43. Rd8 h5 44. Rd6+ Kg7 45. Rb6 h4 46. Kf2 Kh7 47. Rf6 Rc2+ 48. Ke3 Rxb2 49. Rxf5 Rxa2 50. Rxg5 Kh6 51. Rg8 Rb2 52. Rh8+ Kg5 53. Rg8+ Kf6 54. Rh8 b5 55. Rxh4 a5 56. Kd3 b4 57. Kc4 a4 58. Rh6+ Kf5 59. Ra6 a3 60. Kd3 Kf4 61. Ra4 Kxf3 62. Kc4 Ke4 63. Kc5 Kd3 64. Kd5 Kc3 65. Kc5 Kb3 66. Ra8 a2 67. Rb8 Kc3 68. Rxb4 Rxb4 0-1


[Site "https://www.chess.com"]

[Event "Titled Tuesday Blitz June 6 Late 2023"]
[White "Cardozo Munar, Carlos Eduardo"]
[Black "Roienko, Artur"]
[WhiteFideId "4409477"]
[BlackFideId "14136732"]
[WhiteElo "2067"]
[BlackElo "2062"]
[Result "1-0"]
[Round "8"]
[TimeControl "180+2"]
[Date "2023.06.07"]
[WhiteClock "0:01:48"]
[BlackClock "0:00:10"]
[Board "91"]

1. d4 d5 2. c3 e6 3. Nf3 Bd6 4. g3 Nf6 5. Bg2 O-O 6. O-O b6 7. Re1 Bb7 8. Nbd2 Nbd7 9. Nf1 c5 10. h4 Rc8 11. N1h2 Qc7 12. Bg5 Ne4 13. Be3 f5 14. Bc1 Ndf6 15. Ng5 Rce8 16. Nxe4 Nxe4 17. Nf3 Ba6 18. Ng5 h6 19. Nh3 Rf6 20. Bf4 Bxf4 21. Nxf4 g5 22. hxg5 hxg5 23. Nd3 Bxd3 24. exd3 Nd6 25. Qh5 Qg7 26. dxc5 bxc5 27. d4 Rh6 28. Qd1 cxd4 29. Qxd4 Qxd4 30. cxd4 Rc8 31. Rac1 Kf7 32. Rxc8 Nxc8 33. Rc1 Rh8 34. Rc7+ Kf6 35. b4 Rd8 36. a4 g4 37. b5 Nb6 38. Rxa7 Rc8 39. a5 Rc1+ 40. Bf1 Nc4 41. Kg2 Nd2 42. Be2 Ra1 43. b6 Rb1 44. Rc7 Nc4 45. Bxc4 dxc4 46. Rxc4 Rb5 47. Rc5 Rb4 48. Rc7 e5 49. dxe5+ Kxe5 50. b7 Kd6 51. Rf7 Kc6 52. a6 1-0


[Site "https://www.chess.com"]

[Event "Titled Tuesday Blitz June 6 Late 2023"]
[White "Luong Phuong Hanh"]
[Black "Rodriguez Santiago, Jaime"]
[WhiteFideId "12401013"]
[BlackFideId "3100898"]
[WhiteElo "2081"]
[BlackElo "2025"]
[Result "0-1"]
[Round "8"]
[TimeControl "180+2"]
[Date "2023.06.07"]
[WhiteClock "0:00:10"]
[BlackClock "0:00:19"]
[Board "92"]

1. d4 Nf6 2. Nf3 d5 3. c4 e6 4. g3 dxc4 5. Bg2 c5 6. O-O Nc6 7. Qa4 Bd7 8. dxc5 Bxc5 9. Qxc4 Be7 10. Nc3 O-O 11. Bf4 Rc8 12. Qb3 Na5 13. Qd1 Qb6 14. Ne5 Rfd8 15. Qb1 Be8 16. h4 Nc4 17. Nd3 a6 18. a4 Qa7 19. Ne4 Nxe4 20. Bxe4 h6 21. b3 Nd6 22. Bg2 Bf6 23. Ra2 Nf5 24. Be4 Nd4 25. Rd2 b5 26. axb5 axb5 27. Ne5 Bxe5 28. Bxe5 Nf3+ 29. exf3 Rxd2 30. Bf4 Rdd8 31. Qe1 Qc5 32. Bb1 Qc3 33. Qe4 Kf8 34. Qh7 Ke7 35. Qe4 Bc6 36. Qe2 Qxf3 37. Qxf3 Bxf3 0-1


[Site "https://www.chess.com"]

[Event "Titled Tuesday Blitz June 6 Late 2023"]
[White "Herman, Daniel"]
[Black "Arias Igual, Alejandro"]
[WhiteFideId "30935008"]
[BlackFideId "2254905"]
[WhiteElo "1897"]
[BlackElo "2179"]
[Result "0-1"]
[Round "8"]
[TimeControl "180+2"]
[Date "2023.06.07"]
[WhiteClock "0:00:41"]
[BlackClock "0:00:32"]
[Board "93"]

1. e4 c5 2. Nf3 g6 3. d4 cxd4 4. Nxd4 Nc6 5. c4 Nf6 6. Nc3 d6 7. Be2 Nxd4 8. Qxd4 Bg7 9. Be3 O-O 10. Qd2 Be6 11. O-O Qa5 12. f3 Rfc8 13. b3 a6 14. Rab1 b5 15. b4 Qd8 16. cxb5 axb5 17. Nxb5 Rxa2 18. Qe1 Rxe2 19. Qxe2 Bc4 20. Qf2 Bxb5 21. Rfc1 Rb8 22. Ra1 Nd7 23. Ra7 Rc8 24. Qd2 Ne5 25. Qd5 Rxc1+ 26. Bxc1 Qb6+ 27. Kh1 Qxa7 28. Qxb5 Qa1 29. Qb8+ Bf8 30. h3 Qxc1+ 31. Kh2 Qf4+ 32. Kg1 Qe3+ 33. Kh2 Kg7 34. b5 Nc4 35. Qc7 Nb6 36. Qc6 Qc5 37. Qe8 e6 38. h4 d5 39. exd5 Qxd5 40. Kh3 Bd6 41. Qd8 Qf5+ 42. g4 Qxf3# 0-1


[Site "https://www.chess.com"]

[Event "Titled Tuesday Blitz June 6 Late 2023"]
[White "QuiesPrecatio"]
[Black "Simonovic, Miroslav"]
[BlackFideId "919152"]
[WhiteElo "2435"]
[BlackElo "2075"]
[Result "1-0"]
[Round "8"]
[TimeControl "180+2"]
[Date "2023.06.07"]
[WhiteClock "0:00:20"]
[BlackClock "0:00:10"]
[Board "94"]

1. Nf3 c5 2. g3 Nc6 3. Bg2 g6 4. O-O Bg7 5. c4 e5 6. Nc3 Nge7 7. Ne1 O-O 8. Nc2 d6 9. Ne3 h6 10. d3 Be6 11. Ned5 f5 12. Rb1 a5 13. a3 Kh7 14. Bd2 g5 15. f4 gxf4 16. gxf4 Ng6 17. Kh1 Nxf4 18. Nxf4 exf4 19. Bxf4 Be5 20. Qd2 Qf6 21. Nd5 Bxd5 22. Bxd5 Rac8 23. e4 Ne7 24. Bxe5 Qxe5 25. Qxa5 Nxd5 26. exd5 f4 27. Qc3 Rce8 28. Qxe5 Rxe5 29. Rbe1 Rxe1 30. Rxe1 Rf6 31. Kg2 Kg6 32. Re6 Rxe6 33. dxe6 Kf6 34. Kf3 Kxe6 35. Kxf4 d5 36. h3 dxc4 37. dxc4 b6 38. b4 cxb4 39. axb4 Kf6 40. c5 bxc5 41. bxc5 Ke6 42. Ke4 h5 43. h4 Kd7 44. Kf5 Kc6 45. Kg5 Kxc5 46. Kxh5 Kd6 47. Kg6 Ke7 48. Kg7 Ke6 49. h5 Kf5 50. h6 Kg5 51. h7 1-0


[Site "https://www.chess.com"]